 Dungeon Crawl Stone Soup version 0.26-a0-546-g3c2127501a (webtiles) character file.

Game seed: 8233780669878529915

119 ANON1729 the Poker (level 5, -6/41 HPs)
             Began as a Merfolk Gladiator on Aug 19, 2020.
             Mangled by an orc warrior
             ... wielding a +0 flail
              (14 damage)
             ... on level 3 of the Dungeon.
             The game lasted 00:02:08 (2467 turns).

ANON1729 the Poker (Merfolk Gladiator)              Turns: 2467, Time: 00:02:08

Health: -6/41      AC:  4    Str: 15    XL:     5   Next: 3%
Magic:  5/5        EV: 14    Int:  8    God:
Gold:   130        SH:  5    Dex: 15    Spells: 4/4 levels left

rFire    . . .     SeeInvis .   a - +0 trident
rCold    . . .     Faith    .   (no shield)
rNeg     . . .     Spirit   .   b - +0 leather armour
rPois    .         Reflect  +   c - +0 helmet
rElec    .         Harm     .   (no cloak)
rCorr    .                      (no gloves)
MR       .....                  (no boots)
Stlth    +.........             e - amulet of reflection
HPRegen  0.13/turn              (no ring)
MPRegen  0.09/turn              (no ring)

@: no status effects
A: change form in water, swift swim, stealthy swim
a: no special abilities


You were on level 3 of the Dungeon.
You visited 1 branch of the dungeon, and saw 3 of its levels.

You collected 130 gold pieces.

Inventory:

Hand Weapons
 a - a +0 trident (weapon)
Missiles
 d - 3 throwing nets (quivered)
Armour
 b - a +0 leather armour (worn)
 c - a +0 helmet (worn)
Jewellery
 e - an amulet of reflection (around neck)
Scrolls
 f - 3 scrolls of remove curse {unknown}
 h - 3 scrolls of identify {unknown}
 i - a scroll of teleportation {unknown}
 j - a scroll of fear {unknown}
 m - a scroll of enchant armour {unknown}
 o - a scroll of amnesia {unknown}
 q - a scroll of random uselessness {unknown}
Potions
 g - a potion of heal wounds {unknown}
 k - a potion of berserk rage {unknown}
 l - a potion of curing {unknown}
 n - a potion of flight {unknown}
 p - 2 potions of magic


   Skills:
 + Level 3.2 Fighting
 + Level 5.5 Polearms
 + Level 3.1 Throwing
 + Level 5.0 Dodging


You had 4 spell levels left.
You didn't know any spells.
Your spell library was empty.

Dungeon Overview and Level Annotations

Branches:
Dungeon (3/15)

Altars:


Message History

You are too injured to fight recklessly!
You are too injured to fight recklessly!
You are too injured to fight recklessly!
Evoke which item? (* to show all) (? for menu, Esc to quit)
Okay, then.
You hit the orc warrior.
The orc warrior is heavily wounded.
You hit the orc warrior.
The orc warrior is severely wounded.
The orc warrior hits you with a +0 flail!
* * * LOW HITPOINT WARNING * * *
Evoke which item? (* to show all) (? for menu, Esc to quit)
That's the wrong kind of item! (Use * to select it.) Evoke which item? (* to show all) (? for menu, Esc to quit)
That's the wrong kind of item! (Use * to select it.) Evoke which item? (* to show all) (? for menu, Esc to quit)
Okay, then.
It was a potion of magic.
Magic courses through your body.
The orc warrior hits you with a +0 flail!
You die...

#.##.######..##.#
#..........
#.#...<......##.#
###..#####.
#.#.[.......###.# #..#
#......###### #.# #..#
#######.##.## #.# #..#
............# #.# #...
#######.##..# #.# #.###
#.##..# ####.#####.# ..
#.##..# #@...><....# #.#
#.##..# #o##.####### #.#
#.##..####r##.# #.#
#.##.......##.#########.#
##.###.###o........)<.o#.#
#####...##.#
#.###.#######o#.###
...........###g###.#
#.)....
####...###...#....#
#.o.... ##.## #.##.#####
#(......##


You could see an orc warrior, an orc, a quokka and a hobgoblin.

Vanquished Creatures
  An orc wizard (D:2)
  3 adders (D:2)
  An ooze (D:2)
  2 worms
  2 dart slugs
  A leopard gecko (D:1)
  2 orcs (D:3)
  2 giant cockroaches
  6 goblins
  5 hobgoblins
  2 jackals (D:2)
  4 quokkas
  A ball python (D:1)
  8 bats
  A frilled lizard (D:3)
  7 kobolds
  5 rats
53 creatures vanquished.

Notes
Turn   | Place    | Note
-------+----------+-------------------------------------------
     0 | D:1      | ANON1729 the Merfolk Gladiator began the quest for the Orb.
     0 | D:1      | Reached XP level 1. HP: 16/16 MP: 1/1
   282 | D:1      | Reached XP level 2. HP: 18/23 MP: 2/2
   837 | D:1      | Reached XP level 3. HP: 15/28 MP: 3/3
  1176 | D:2      | Reached skill level 5 in Polearms
  1285 | D:2      | Reached XP level 4. HP: 18/34 MP: 4/4
  2033 | D:3      | Noticed an orc warrior
  2052 | D:2      | Reached skill level 5 in Dodging
  2052 | D:2      | Reached XP level 5. HP: 10/41 MP: 5/5
  2467 | D:3      | Mangled by an orc warrior

Illustrated notes

Levels and vault maps discovered:
D:1:      dpeg_arrival_brainrot, layout_loops_corners, minmay_tetromino_t4
D:2:      layout_basic
D:3:      kennysheep_goblin_castle, layout_loops_ring,
          chequers_ecumenical_altar_island, uniq_robin

Skill      XL: |  1  2  3  4 |
---------------+-------------+-----
Polearms       | 5 |  5.5
Fighting       | 3 |  3.2
Throwing       | 3 |  3.1
Dodging        | 5 |  5.0

Action                   |  1- 3 |  4- 6 || total
-------------------------+-------+-------++-------
Melee: Trident           |   129 |    81 ||   210
  Use: Potion            |       |     1 ||     1
 Stab: Sleeping          |     4 |     2 ||     6
Armor: Leather armour    |    31 |     8 ||    39
Dodge: Dodged            |    76 |    36 ||   112
Block: Other             |    35 |    21 ||    56
       Reflection        |     4 |     1 ||     5

Table legend: (Time is in decaauts)
 A = Elapsed time spent in this place.
 B = Non-inter-level travel time spent in this place.
 C = Inter-level travel time spent in this place.
 D = Time resting spent in this place.
 E = Time spent auto-exploring this place.
 F = Levels seen in this place.
 G = Mean time per level.
                   A        B        C        D        E       F      G
               +--------+--------+--------+--------+--------+-----+--------+
         Total |   2478 |   2412 |     66 |    743 |   1290 |   3 |  826.0 |
       Dungeon |   2478 |   2412 |     66 |    743 |   1290 |   3 |  826.0 |
               +--------+--------+--------+--------+--------+-----+--------+

Top non-repeatable levels by time:
     D:2: 1253 daAuts
     D:1: 1023 daAuts
     D:3: 201 daAuts
